 Dungeon Crawl Stone Soup version 0.30-a0-840-ga523dec638 (webtiles) character file.

Game seed: 11041229453871092651

121188 cforsyth the Unseen (level 17, 0/86 (103) HPs)
             Began as a Kobold Brigand on Mar 2, 2023.
             Was the Champion of Hepliaklqana.
             Slain by Mara
             ... wielding a +2 demon trident of draining
              (25 damage)
             ... on level 3 of the Snake Pit.
             The game lasted 00:50:30 (31382 turns).

cforsyth the Unseen (Kobold Brigand)               Turns: 31382, Time: 00:50:30

HP:   0/86 (103)    AC: 13    Str:  8    XL:     17   Next: 39%
MP:   17/17         EV: 35    Int: 23    God:    Hepliaklqana [******]
Gold: 2761          SH: 11    Dex: 33    Spells: 16/16 levels left

rFire   + . .      SeeInvis .    t - +4 short sword of Imos {pain, Fly Int+3}
rCold   + . .      Faith    .    X - +2 buckler
rNeg    . . .      Spirit   .    E - +3 leather armour
rPois   +          Reflect  .    H - +0 helmet of Fothromu {Dex+4}
rElec   .          Harm     .    c - +1 cloak
rCorr   .          Rampage  +    F - +0 pair of gloves
Will    +....                    Y - +2 pair of boots {rampage}
Stlth   ++++++++                 h - amulet of regeneration
HPRegen 1.14/turn                j - +6 ring of dexterity
MPRegen 0.15/turn                b - ring "Weacioth" {rPois rF+ rC+ Int+6 Stlth-}

@: flying, studying Shields, heavily drained, unable to read
A: reduced essence, small, no large weapons, nightstalker 3, inability to read
after injury 1
a: Renounce Religion, Recall Ancestor, Ancestor Identity, Transference, Idealise


You were on level 3 of the Snake Pit.
You worshipped Hepliaklqana.
Hepliaklqana was exalted by your worship.
You visited 5 branches of the dungeon, and saw 26 of its levels.
You also visited: Sewer.

You collected 4479 gold pieces.
You spent 1718 gold pieces at shops.

Inventory:

Hand Weapons
 t - the +4 short sword of Imos (weapon) {pain, Fly Int+3}
   (You bought it in a shop on level 2 of the Orcish Mines)

   Int:       It affects your intelligence (+3).
   Fly:       It grants you flight.
 I - a +4 short sword
Missiles
 a - 6 atropa-tipped darts
 d - 62 poisoned darts (quivered)
 e - 5 curare-tipped darts
Armour
 c - a +1 cloak (worn)
 E - a +3 leather armour (worn)
 F - a +0 pair of gloves (worn)
 H - the +0 helmet of Fothromu (worn) {Dex+4}
   (You found it on level 7 of the Dungeon)

   Dex:       It affects your dexterity (+4).
 X - a +2 buckler (worn)
 Y - a +2 pair of boots of rampaging (worn)
 Z - a +0 robe of willpower
Jewellery
 b - the ring "Weacioth" (right hand) {rPois rF+ rC+ Int+6 Stlth-}
   (You bought it in a shop on level 1 of the Snake Pit)

   [ring of intelligence]

   Int:       It affects your intelligence (+6).
   rF:        It protects you from fire.
   rC:        It protects you from cold.
   rPois:     It protects you from poison.
   Stlth:     It makes you less stealthy.
 h - an amulet of regeneration (around neck)
 j - a +6 ring of dexterity (left hand)
 o - a ring of see invisible
 J - a +4 ring of slaying
 M - a ring of protection from fire
 P - a ring of resist corrosion
Wands
 p - a wand of mindburst (13)
 u - a wand of flame (49)
 K - a wand of light (29)
 L - a wand of paralysis (16)
 N - a wand of iceblast (18)
Scrolls
 f - 4 scrolls of fog
 i - 4 scrolls of vulnerability
 k - a scroll of silence
 m - 3 scrolls of teleportation
 r - 5 scrolls of enchant weapon
 v - 2 scrolls of butterflies {unknown}
 x - a scroll of fear
 y - a scroll of brand weapon
 C - 2 scrolls of blinking
 D - 5 scrolls of enchant armour
 G - a scroll of poison
 O - 3 scrolls of magic mapping
 S - 2 scrolls of immolation
 T - 3 scrolls of identify
Potions
 g - 7 potions of mutation
 l - 2 potions of resistance
 n - 6 potions of attraction
 q - a potion of experience
 s - 3 potions of flight
 w - 4 potions of haste
 z - 5 potions of heal wounds
 A - 5 potions of might
 B - 2 potions of cancellation
 Q - 4 potions of ambrosia
 R - 9 potions of curing
 U - 2 potions of berserk rage
 V - 4 potions of invisibility
 W - 5 potions of lignification


   Skills:
 + Level 15.9 Fighting
 + Level 18.6 Short Blades
 - Level 2.1 Throwing
 + Level 17.0 Dodging
 + Level 20.5 Stealth
 + Level 10.6 Shields


You had 16 spell levels left.
You didn't know any spells.
Your spell library contained the following spells:

 Spells                   Type           Power      Damage    Failure   Level
 Magic Dart               Conj           0%         1d3       30%         1
 Slow                     Hex            0%         N/A       30%         1
 Searing Ray              Conj           0%         2d4       41%         2
 Confusing Touch          Hex            0%         N/A       65%         3
 Kindle Blastsparks       Fire/Tloc/Air  0%         2d10      65%         3
 Vampiric Draining        Necr           0%         2d6       65%         3
 Animate Dead             Necr           0%         N/A       96%         4
 Fulminant Prism          Conj/Hex       0%         3d5       96%         4
 Iskenderun's Mystic Bla  Conj/Tloc      0%         2d3       96%         4
 Lee's Rapid Deconstruct  Erth           0%         3d4*      100%        5
 Summon Forest            Summ/Tloc      0%         N/A       100%        5
 Summon Mana Viper        Hex/Summ       0%         N/A       100%        5
 Summon Cactus Giant      Summ           0%         N/A       100%        6
 Haunt                    Necr/Summ      0%         N/A       100%        7
 Infestation              Necr           0%         N/A       100%        8


Dungeon Overview and Level Annotations

Branches:
Dungeon (15/15)            Temple (1/1) D:4            Lair (5/5) D:11
  Swamp (0/4) Lair:3        Snake (3/4) Lair:3        Slime (0/5) Lair:4
    Orc (2/2) D:9             Elf (0/3) Orc:2        Vaults (0/5) D:13
 Depths (0/4) D:15          Sewer (visited)

Altars:
Ashenzari
Cheibriados
Dithmenos
Elyvilon
Fedhas
Gozag
Hepliaklqana
Kikubaaqudgha
Makhleb
Nemelex Xobeh
Okawaru
Qazlal
Ru
Sif Muna
Trog
Uskayaw
Vehumet
Wu Jian
Xom
Yredelemnul
Zin
The Shining One
Lugonu

Shops:
D:8 ?   D:9 *   D:14 [   Orc:2 [(:*   Snake:1 =:

Portals:
Abyss: Lair:5

Annotations:
Snake:3 Mara


Innate Abilities, Weirdness & Mutations

Your life essence is reduced to manifest your ancestor. (-10% HP)
You are small and have problems with some larger weapons.
You are completely attuned to the shadows.
You occasionally lose the ability to read scrolls when taking damage.


Message History

Udjahorresnet is severely damaged.
Udjahorresnet hits Udjahorresnet with a +0 dagger of draining!
You block Udjahorresnet's attack.
You barely miss Udjahorresnet.
Udjahorresnet is almost destroyed.
Udjahorresnet casts a spell at Udjahorresnet.
Udjahorresnet resists with almost no effort.
Udjahorresnet hits Udjahorresnet but does no damage.
Mara closely misses you.
You puncture Udjahorresnet!
Udjahorresnet is almost destroyed.
You block Udjahorresnet's attack.
You hit Udjahorresnet but do no damage.
Udjahorresnet is almost destroyed.
Udjahorresnet hits Udjahorresnet with a +0 dagger of draining!
Udjahorresnet is destroyed!
Mara misses you.
You miss Mara.
Mara is lightly wounded.
You hit Mara.
Mara is lightly wounded.
Mara completely misses you.
Udjahorresnet hits Mara but does no damage.
You puncture Mara!
Mara is lightly wounded.
Udjahorresnet completely misses Mara.
You hit Mara but do no damage.
Mara is lightly wounded.
Mara weaves an illusion.
Mara shimmers and seems to become three!
Udjahorresnet hits Mara with a +0 dagger of draining.
You hit Mara but do no damage.
Mara is lightly wounded.
Mara hits you with a +2 demon trident of draining!!
You feel drained.
You feel threatened and lose the ability to read scrolls!
* * * LOW HITPOINT WARNING * * *
Udjahorresnet hits Mara but does no damage.
Mara hits you from afar with a +2 demon trident of draining!!
You die...

###### #.##....####
### #..........# ##.#
#..........# #..#
#....@.....## ##..#
....RR......### ##....
....RR........###.....
........##.....#......
................).....
..........#...........
...............
.............
.........>.


You could see the friendly Udjahorresnet the hexer and 3 Maras.

Vanquished Creatures
  Kirke (D:13)
  An orc warlord (Orc:2)
  An ogre mage (D:13)
  2 hydras
  3 centaur warriors
  5 anacondas
  3 two-headed ogres
  12 death yaks
  4 boulder beetles
  6 naga warriors
  3 tengu warriors (D:15)
  A shock serpent (Snake:2)
  An orc high priest (Orc:1)
  11 naga sharpshooters
  Nergalle (Lair:2)
  A hell knight (D:15)
  3 thrashing horrors (Lair:5)
  2 skysharks
  Lodul (D:12)
  A deep troll (D:15)
  2 naga ritualists
  A necromancer (D:15)
  4 deep elf pyromancers
  4 orc knights
  3 manticores
  14 ugly things
  3 orc sorcerers (Orc:2)
  5 mana vipers
  5 cyclopes
  A salamander (Snake:1)
  12 elephants
  9 naga magi
  20 black mambas
  A guardian serpent (Snake:3)
  A torpor snail (Lair:1)
  5 cane toads
  A smoke demon (Lair:5)
  Maggie (D:6)
  2 gargoyles
  3 rime drakes
  6 komodo dragons
  A tengu conjurer (D:15)
  3 meliai (D:13)
  A queen bee (shapeshifter) (D:13)
  4 trolls
  A polar bear (Lair:4)
  11 blink frogs
  4 dream sheep (Lair:5)
  17 slime creatures
  Sigmund (D:6)
  A vampire (D:12)
  2 ynoxinuls (Lair:5)
  A shadow (D:12)
  7 wyverns
  4 wraiths
  A spriggan (shapeshifter) (D:15)
  28 yaks
  A large abomination (Lair:5)
  2 steam dragons
  2 chaos spawn (Lair:5)
  3 basilisks
  6 vampire mosquitoes
  2 wargs
  Menkaure (D:6)
  24 nagas
  4 acid dragons (D:11)
  10 water moccasins
  4 small abominations (Lair:5)
  A black bear (shapeshifter) (Lair:5)
  2 sky beasts
  26 orc warriors
  4 black bears
  8 wolves
  10 ogres
  10 centaurs
  2 phantoms
  3 kobold brigands
  Blork the orc (D:6)
  A gnoll sergeant (D:11)
  7 bullfrogs
  4 scorpions
  11 wights
  8 killer bees
  2 hounds (D:5)
  2 gnoll boudas
  3 jellies
  10 orc priests
  3 iguanas
  18 orc wizards
  A boggart simulacrum (D:14)
  9 adders
  13 gnolls
  4 river rats (Sewer)
  A shadow imp (D:8)
  An ufetubus (D:5)
  3 worms
  A dart slug (D:2)
  53 orcs
  12 ball pythons
  5 endoplasms
  4 giant cockroaches
  11 goblins
  5 hobgoblins
  7 quokkas
  8 bats
  19 kobolds
  25 rats
630 creatures vanquished.

Vanquished Creatures (collateral kills)
  2 nagarajas (Snake:2)
  A two-headed ogre (D:10)
  2 death yaks
  An orc high priest (Orc:2)
  A naga ritualist (Snake:1)
  An orc sorcerer (Orc:2)
  3 mana vipers (Snake:2)
  An ugly thing (Lair:5)
  A manticore (D:11)
  A cyclops (Orc:2)
  A salamander (Snake:3)
  3 elephants
  9 black mambas
  A naga mage (Snake:1)
  2 torpor snails (Lair:4)
  A cane toad (Lair:4)
  A rime drake (Lair:4)
  2 komodo dragons
  2 ancient zymes (Lair:5)
  A troll (Orc:1)
  5 blink frogs
  2 dream sheep (Lair:5)
  4 small abominations (Lair:5)
  2 spriggans (Lair:5)
  A shadow (D:10)
  A wyvern (D:8)
  5 yaks
  A vampire mosquito (D:11)
  3 nagas
  An acid dragon (D:8)
  3 water moccasins
  4 orc warriors (Orc:2)
  A hexer (Snake:3)
  A black bear (D:11)
  A wolf (Lair:2)
  2 ogres (Orc:1)
  A bullfrog (Lair:4)
  A killer bee (D:9)
  An electric eel (D:10)
  6 orc priests
  3 orc wizards
  A gnoll (D:11)
  15 orcs
  A butterfly (Lair:3)
103 creatures vanquished.

Vanquished Creatures (others)
  16 hexers
  An ancestor (D:8)
  An orc wizard (Orc:2)
  4 orcs (Orc:2)
  21 fungi
  37 plants
80 creatures vanquished.

Grand Total: 813 creatures vanquished

Notes
Turn   | Place    | Note
-------+----------+-------------------------------------------
     0 | D:1      | cforsyth the Kobold Brigand began the quest for the Orb.
     0 | D:1      | Reached XP level 1. HP: 12/12 MP: 1/1
   223 | D:1      | Reached XP level 2. HP: 18/18 MP: 2/2
   865 | D:1      | Reached XP level 3. HP: 22/22 MP: 3/3
  1295 | D:2      | Found a glowing golden altar of the Shining One.
  1320 | D:2      | Reached XP level 4. HP: 26/27 MP: 4/4
  1608 | D:2      | Reached skill level 6 in Stealth
  2601 | D:4      | Noticed a scorpion
  2607 | D:4      | Killed a scorpion
  2608 | D:4      | Reached XP level 5. HP: 23/32 MP: 5/5
  2791 | D:4      | Noticed an ogre
  2801 | D:4      | Killed an ogre
  2802 | D:4      | Reached XP level 6. HP: 36/38 MP: 6/6
  2917 | D:4      | Noticed a black bear
  2922 | D:4      | Killed a black bear
  2923 | D:4      | Reached skill level 7 in Stealth
  3126 | D:4      | Found a staircase to the Ecumenical Temple.
  3201 | D:4      | Found a glowing silver altar of Zin.
  3252 | Temple   | Entered the Ecumenical Temple
  3502 | D:5      | Entered Level 5 of the Dungeon
  3574 | D:5      | Reached skill level 5 in Short Blades
  3607 | D:5      | Reached XP level 7. HP: 38/43 MP: 7/7
  3936 | D:5      | Reached skill level 5 in Dodging
  3936 | D:5      | Reached skill level 8 in Stealth
  3936 | D:5      | Reached XP level 8. HP: 14/48 MP: 8/8
  3953 | D:5      | Found a glowing drain.
  3956 | D:5      | Reached skill level 5 in Fighting
  3976 | Sewer    | Entered a sewer
  5334 | D:5      | Found a shadowy altar of Dithmenos.
  5335 | D:5      | Found a hazy altar of Hepliaklqana.
  5335 | D:5      | Noticed a shadow
  5340 | D:5      | Became a worshipper of Hepliaklqana the Forgotten
  5578 | D:6      | Noticed Menkaure
  5596 | D:6      | Killed Menkaure
  5597 | D:6      | Reached skill level 9 in Stealth
  5822 | D:6      | Noticed Blork the orc
  5846 | D:6      | Killed Blork the orc
  6292 | D:6      | Noticed Sigmund
  6475 | D:6      | Reached XP level 9. HP: 53/55 MP: 9/9
  6528 | D:6      | Killed Sigmund
  6733 | D:6      | Noticed Maggie
  6737 | D:6      | Killed Maggie
  6738 | D:6      | Reached skill level 10 in Stealth
  7249 | D:6      | HP: 2/75 [wight/+0 mace (3)]
  7600 | D:6      | Found a sparkling altar of Nemelex Xobeh.
  7885 | D:7      | Reached XP level 10. HP: 55/61 MP: 10/10
  7912 | D:7      | You fall into a shaft and drop 2 floors!
  7912 | D:9      | Found a bloodstained altar of Trog.
  7912 | D:9      | Found a broken altar of Ashenzari.
  7912 | D:9      | Found a blossoming altar of Fedhas.
  8125 | D:7      | Reached * piety under Hepliaklqana
  8213 | D:7      | Reached skill level 11 in Stealth
  8239 | D:7      | Found an iron altar of Okawaru.
  8286 | D:7      | Identified the +0 helmet of Fothromu {Dex+4}
  9151 | D:8      | Found a radiant altar of Vehumet.
  9435 | D:8      | Reached skill level 10 in Short Blades
  9564 | D:8      | Found Senekyruo's Magic Scroll Emporium.
  9598 | D:8      | Reached ** piety under Hepliaklqana
  9599 | D:8      | Remembered your ancestor Udjahorresnet as a hexer
  9844 | D:9      | Found Ozelumio's Assorted Antiques.
  9848 | D:9      | Bought a scroll labelled SIG NALAFA for 24 gold pieces
  9848 | D:9      | Bought a blue potion for 21 gold pieces
  9848 | D:9      | Bought a fizzy cyan potion for 21 gold pieces
  9848 | D:9      | Bought a scroll labelled WAOMUAGIMI for 24 gold pieces
  9848 | D:9      | Bought a scroll labelled YFERGH EFIBEPN for 24 gold pieces
  9868 | D:9      | Found a staircase to the Orcish Mines.
  9908 | D:9      | Reached skill level 12 in Stealth
 10081 | D:9      | Found a burning altar of Makhleb.
 10201 | D:9      | Found a glowing golden altar of the Shining One.
 10292 | D:10     | Entered Level 10 of the Dungeon
 10339 | D:10     | Noticed a komodo dragon
 10346 | D:10     | Killed a komodo dragon
 10347 | D:10     | Reached XP level 11. HP: 62/62 MP: 11/11
 10372 | D:10     | Noticed a two-headed ogre
 10384 | D:10     | Killed a two-headed ogre
 10510 | D:10     | Reached *** piety under Hepliaklqana
 10573 | D:10     | Found a shimmering altar of Xom.
 10794 | D:11     | Found a transporter.
 10953 | D:11     | Noticed a cyclops
 10961 | D:11     | Killed a cyclops
 10962 | D:11     | Reached skill level 10 in Dodging
 10995 | D:11     | Found a transporter.
 10997 | D:11     | Reached skill level 13 in Stealth
 11043 | D:11     | Noticed a manticore
 11064 | D:11     | Killed a manticore
 11334 | D:11     | Reached skill level 10 in Fighting
 11341 | D:11     | Noticed a death yak
 11342 | D:11     | Found a staircase to the Lair.
 11343 | D:11     | Noticed an elephant
 11345 | D:11     | Killed a death yak
 11375 | D:11     | Killed an elephant
 11605 | D:12     | Reached XP level 12. HP: 69/69 MP: 12/12
 11698 | D:12     | Reached skill level 14 in Stealth
 11751 | D:12     | Noticed Lodul
 11773 | D:12     | Killed Lodul
 12525 | D:12     | Noticed a boulder beetle
 12831 | D:12     | Noticed a centaur warrior
 12833 | D:12     | Killed a centaur warrior
 13031 | Lair:1   | Entered Level 1 of the Lair of Beasts
 13129 | Lair:1   | Reached **** piety under Hepliaklqana
 13202 | Lair:1   | Reached skill level 15 in Stealth
 13700 | Lair:1   | Reached XP level 13. HP: 63/75 MP: 13/13
 15184 | Lair:2   | Reached skill level 16 in Stealth
 15343 | Lair:2   | Noticed Nergalle
 16072 | Lair:2   | Killed Nergalle
 16345 | Lair:3   | Noticed a four-headed hydra
 16356 | Lair:3   | Killed a four-headed hydra
 16537 | Lair:3   | Reached skill level 15 in Short Blades
 16550 | Lair:3   | Found a staircase to the Swamp.
 16768 | Lair:3   | Reached XP level 14. HP: 82/82 MP: 14/14
 17022 | Lair:3   | Found a staircase to the Snake Pit.
 17781 | Lair:4   | Reached skill level 17 in Stealth
 17969 | Lair:4   | Reached ***** piety under Hepliaklqana
 17972 | Lair:4   | Found a staircase to the Slime Pits.
 18025 | Lair:4   | Reached skill level 1 in Shields
 19064 | Lair:5   | Entered Level 5 of the Lair of Beasts
 19733 | Lair:5   | Reached skill level 5 in Shields
 20095 | Lair:5   | Identified the amulet "Ommiz" {Faith +Inv rPois rC-}
 20232 | Lair:5   | Reached skill level 18 in Stealth
 20339 | Lair:5   | Reached XP level 15. HP: 90/90 MP: 15/15
 20659 | Lair:5   | Found a corrupted altar of Lugonu.
 20674 | Lair:5   | Found a one-way gate to the infinite horrors of the Abyss.
 20677 | Lair:5   | Identified the +0 chain mail of Moteacoh {SInv}
 20983 | Orc:1    | Entered Level 1 of the Orcish Mines
 21039 | Orc:1    | Reached skill level 15 in Dodging
 21273 | Orc:1    | Found a burning altar of Makhleb.
 21504 | Orc:2    | Entered Level 2 of the Orcish Mines
 21996 | Orc:2    | Noticed an orc warlord
 22172 | Orc:2    | Gained mutation: You occasionally lose the ability to read
                  | scrolls when taking damage. [a neqoxec]
 23050 | Orc:2    | Killed an orc warlord
 23260 | Orc:2    | Found a staircase to the Elven Halls.
 23367 | Orc:2    | Found Xuojagy's Antique Armour Boutique.
 23392 | Orc:2    | Found Zokyasy's Antique Weapon Boutique.
 23583 | Orc:2    | Found Loow's General Store.
 23599 | Orc:2    | Found Nic Doan's Book Boutique.
 23622 | Orc:2    | Bought a distressingly furry helmet for 256 gold pieces
 23622 | Orc:2    | Identified the +0 helmet of Snakes and Ladders {Stlth+}
                  | (You bought it in a shop on level 2 of the Orcish Mines)
 23642 | Orc:2    | Bought a crude short sword for 152 gold pieces
 23642 | Orc:2    | Identified the +4 short sword of Imos {pain, Fly Int+3}
                  | (You bought it in a shop on level 2 of the Orcish Mines)
 23849 | D:11     | HP: 2/90 [something (31)]
 24153 | D:13     | Found a gate to the Vaults.
 24335 | D:13     | Noticed Kirke
 24336 | D:13     | Killed Kirke
 24464 | D:13     | Reached skill level 19 in Stealth
 25179 | D:14     | Found Noaf's Armour Shop.
 25344 | D:14     | Found a hide-covered altar of Uskayaw.
 25364 | D:14     | Reached XP level 16. HP: 96/96 MP: 16/16
 25820 | D:14     | Reached ****** piety under Hepliaklqana
 25958 | D:15     | Entered Level 15 of the Dungeon
 26378 | D:15     | Found a staircase to the Depths.
 26418 | D:15     | Reached skill level 15 in Fighting
 27143 | D:15     | Found a shimmering altar of Xom.
 27143 | D:15     | Found a shimmering altar of Xom.
 27143 | D:15     | Found a shimmering altar of Xom.
 27349 | Snake:1  | Entered Level 1 of the Snake Pit
 27948 | Snake:1  | Identified a scroll of acquirement
 27949 | Snake:1  | Acquired 1336 gold pieces
 27970 | Snake:1  | Found Waemm's Jewellery Boutique.
 27977 | Snake:1  | Bought the ring "Weacioth" {rPois rF+ rC+ Int+6 Stlth-} for
                  | 1196 gold pieces
 28522 | Snake:1  | Reached skill level 20 in Stealth
 28680 | Snake:1  | Found Gaullo's Self-Improvement Boutique.
 29393 | Snake:2  | Reached XP level 17. HP: 101/101 MP: 17/17
 29426 | Snake:2  | Reached skill level 10 in Shields
 29827 | Snake:2  | Found an ancient bone altar of Kikubaaqudgha.
 31360 | Snake:3  | Noticed Mara
 31382 | Snake:3  | Slain by Mara

Illustrated notes

Levels and vault maps discovered:
D:1:      elethiomel_arrival_infinity_welcomes_careful_drivers,
          layout_loops_cross, kennysheep_small_spiral,
          chequers_serial_rivers_micro_d
D:2:      layout_basic, basic_altar, hangedman_decor_riveting,
          minmay_tromino_v4_b
D:3:      layout_basic, minmay_misc_feat_roman, serial_bayou_pond_d,
          serial_bayou_lagoon_a, grunt_decor_cap
D:4:      layout_rooms, mainiacjoe_overflow_alcove_4,
          minmay_temple_entry_poolview
D:5:      layout_loops_corners, riverfiend_overflow_shadow_ancestor,
          portal_sewer_entry_f
D:6:      layout_gridville, nemelex_diamond_rough_becter, uniq_blork_the_orc,
          uniq_sigmund, uniq_maggie, uniq_menkaure
D:7:      layout_loops_ring, okawaru_ov_weapons_minmay,
          kennysheep_generic_room_9
D:8:      layout_gridville, lemuel_crystal_altar, serial_shops,
          nicolae_shop_window_shopping
D:9:      layout_basic, tso_oasis_becter, lemuel_doored_altar,
          gammafunk_temple_overflow_claw, orc_0_dummy, serial_shops,
          nicolae_shop_hallway_stairs
D:10:     layout_rooms, mainiacjoe_overflow_small_starburst, minivault_14
D:11:     gammafunk_cloud_chamber, layout_rooms, david_lair_generic
D:12:     layout_loops_ring, uniq_lodul
D:13:     layout_long_grid, david_vaults_2, nicolae_straight_to_the_point,
          uniq_kirke
D:14:     layout_loops_ring, nicolae_uskayaw_murder_on_the_dancefloor,
          serial_shops, nicolae_take_the_stairs
D:15:     hangedman_depths_entry_civil_slaughter, layout_loops_ring, hex_tiny,
          hangedman_decor_points, xom_shifter_show
Temple:   eino_temple_lava
Lair:1:   layout_cave_pods, cheibrodos_lair_caveside_slide
Lair:2:   layout_gridlike, infiniplex_staircase_pool, uniq_nergalle
Lair:3:   nzn_winding_woodlands_three_and_one
          [nzn_winding_woodlands_5x15_jagged,
          nzn_winding_woodlands_5x15_river_crossing,
          nzn_winding_woodlands_5x15_crooked,
          nzn_winding_woodlands_center_diamonds], layout_gridlike, swamp_mist,
          lemuel_fruit_fields
Lair:4:   layout_cave_pods, slime_entry_1, infiniplex_staircase_pool_2,
          grunt_megastairs_5
Lair:5:   hellmonk_lair_end_abyssal_woods, layout_concentric_octagons
Snake:1:  layout_layer_cave, nicolae_shop_self_help, minmay_shop_star
Snake:2:  nicolae_snake_hallway, layout_layer_cave, basic_altar, drop_trap
Snake:3:  layout_cave_town, grunt_ministairs_4, beargit_elvish_explorers,
          uniq_mara, uniq_vashnia
Orc:1:    layout_caves, basic_altar, nicolae_orc_stony_grotto
Orc:2:    grunt_orc_cross, layout_caves

Skill      XL: |  1  2  3  4  5  6  7  8  9 10 11 12 13 14 15 16 17 |
---------------+----------------------------------------------------+-----
Short Blades   | 3 4 5 7 8 10 12 13 15 16 17 18 | 18.6
Dodging        | 2 3 4 5 6 7 9 10 12 13 14 15 16 17 | 17.0
Fighting       | 3 4 6 7 8 10 11 12 13 14 15 | 15.9
Stealth        | 6 7 8 9 10 12 13 15 16 18 19 20 | 20.5
Shields        | 5 7 9 10 | 10.6
Throwing       | |  2.1

Action                     |  1- 3 |  4- 6 |  7- 9 | 10-12 | 13-15 | 16-18 || total
---------------------------+-------+-------+-------+-------+-------+-------++-------
  Melee: Dagger            |    90 |   110 |   474 |    80 |       |       ||   754
         Punch             |     2 |     2 |    11 |    10 |     5 |       ||    30
         Short sword       |       |       |       |   598 |  1371 |   618 ||  2587
 Invoke: Ancestor Life: He |       |       |       |     1 |       |       ||     1
         Recall Ancestor   |       |       |       |       |     7 |     1 ||     8
  Evoke: Wand              |       |       |       |       |     2 |       ||     2
    Use: Scroll            |       |     6 |     1 |     9 |    13 |     6 ||    35
         Potion            |       |       |     8 |     1 |     1 |       ||    10
   Stab: Sleeping          |    19 |    13 |    30 |    27 |    41 |    37 ||   167
         Distracted        |       |     2 |     2 |    16 |    42 |    27 ||    89
         Invisible         |       |       |     2 |       |       |       ||     2
         Confused          |       |       |       |    15 |    33 |    15 ||    63
         Paralysed         |       |       |       |       |    26 |    14 ||    40
 Armour: Robe              |    14 |    10 |    20 |    30 |    52 |       ||   126
         Skin              |       |       |    38 |       |       |       ||    38
         Leather armour    |       |       |       |       |       |    28 ||    28
  Dodge: Dodged            |    47 |    58 |   269 |   592 |  1130 |   422 ||  2518
  Block: Buckler           |       |       |       |       |   417 |   232 ||   649

Table legend: (Time is in decaauts)
 A = Elapsed time spent in this place.
 B = Non-inter-level travel time spent in this place.
 C = Inter-level travel time spent in this place.
 D = Time resting spent in this place.
 E = Time spent auto-exploring this place.
 F = Levels seen in this place.
 G = Mean time per level.
                   A        B        C        D        E       F      G
               +--------+--------+--------+--------+--------+-----+--------+
         Total |  30043 |  28359 |   1684 |   4757 |  18569 |  27 | 1112.7 |
       Dungeon |  16066 |  15127 |    939 |   2578 |   9999 |  15 | 1071.1 |
        Temple |    156 |    156 |      0 |      0 |    135 |   1 |  156.0 |
          Lair |   6651 |   6039 |    612 |    400 |   4542 |   5 | 1330.2 |
     Snake Pit |   3814 |   3731 |     83 |    525 |   2603 |   3 | 1271.3 |
  Orcish Mines |   2516 |   2469 |     47 |   1015 |    897 |   2 | 1258.0 |
         Sewer |    838 |    838 |      0 |    239 |    393 |   1 |  838.0 |
               +--------+--------+--------+--------+--------+-----+--------+

Top non-repeatable levels by time:
     D:6: 2001 daAuts
    D:11: 1921 daAuts
 Snake:1: 1738 daAuts
 Snake:2: 1653 daAuts
   Orc:1: 1625 daAuts
  Lair:5: 1447 daAuts
  Lair:3: 1398 daAuts
    D:12: 1367 daAuts
  Lair:1: 1327 daAuts
  Lair:2: 1290 daAuts
    D:14: 1265 daAuts
     D:5: 1248 daAuts
  Lair:4: 1188 daAuts
     D:7: 1060 daAuts
     D:1: 988 daAuts
